 Dungeon Crawl Stone Soup version 0.19-a0-1490-g5dd3618 (webtiles) character file.

114 epen the Insei (level 4, -5/29 HPs)
             Began as a Tengu Monk on Sept 8, 2016.
             Slain by Grinder (6 damage)
             ... while paralysed by Grinder
             ... on level 3 of the Dungeon.
             The game lasted 00:02:32 (1464 turns).

epen the Insei (Tengu Monk)                         Turns: 1464, Time: 00:02:33

Health: -5/29      AC:  8    Str:  9 (11) XL:     4   Next: 98%
Magic:  5/5        EV:  2    Int:  9 (10) God:
Gold:   132        SH:  0    Dex: 17 (18) Spells: 0 memorised, 3 levels left

rFire  . . .     SeeInvis .       - Unarmed
rCold  . . .     Gourm    .     p - +3 leather armour
rNeg   . . .     Faith    .     (no shield)
rPois  .         Spirit   .     (helmet restricted)
rElec  .         Dismiss  .     (no cloak)
rCorr  .         Reflect  .     j - +1 pair of gloves
MR     .....     Harm     .     (boots unavailable)
Stlth  ++........               (no amulet)
                                (no ring)
                                (no ring)

@: paralysed
A: beak, talons 3
a: no special abilities


You were on level 3 of the Dungeon.
You were not hungry.

You visited 1 branch of the dungeon, and saw 3 of its levels.

You collected 132 gold pieces.

Inventory:

Armour
 a - a +0 robe
 j - a +1 pair of gloves (worn)
 p - a +3 leather armour (worn)
Scrolls
 c - 4 scrolls of remove curse {unknown}
 d - 3 scrolls of fear {unknown}
 e - a scroll of teleportation {unknown}
 g - 3 scrolls of identify {unknown}
 h - a scroll of amnesia {unknown}
 l - a scroll of recharging {unknown}
 m - a scroll of blinking {unknown}
Potions
 f - a potion of heal wounds
Books
 o - a book of Power

   Spells                             Type                      Level
   a - Fulminant Prism                Conjuration/Hexes            4
   b - Iskenderun's Mystic Blast      Conjuration                  4
   c - Venom Bolt                     Conjuration/Poison           5
   d - Bolt of Magma                  Conjuration/Fire/Earth       5
   e - Iron Shot                      Conjuration/Earth            6
   f - Orb of Destruction             Conjuration                  7
   g - Spellforged Servitor           Conjuration/Summoning        7
Comestibles
 b - a bread ration
 k - 11 chunks of flesh
 n - a slice of pizza


   Skills:
 + Level 3.7 Fighting
 + Level 4.0 Dodging
 + Level 2.8 Stealth
 * Level 4.4 Unarmed Combat


You had 3 spell levels left.
You didn't know any spells.

Dungeon Overview and Level Annotations

Branches:
Dungeon (3/15)

Altars:

Annotations:
D:3 Grinder


Innate Abilities, Weirdness & Mutations

You have a beak for a mouth.
You have claws for feet.


Message History

You hit Grinder.
Grinder is almost dead.
Grinder blinks!
Grinder blinks!
No target in view!
You start resting.
Grinder misses you.
You closely miss Grinder.
Grinder is almost dead.
Grinder barely misses you.
You closely miss Grinder.
Grinder is almost dead.
Grinder gestures at you.
You suddenly lose the ability to move!
Grinder blinks!
Grinder gestures at you. Pain shoots through your body!
* * * LOW HITPOINT WARNING * * *
Grinder hits you.
You die...

........#....# P♣≈≈♣≈.
........##÷### ♣≈♣≈≈≈.
........##.#### ♣≈≈≈♣♣.
..............# .≈≈≈≈..
..............#♣...≈≈(
..............#.P..♣..P#
..............#..P......
.....###.###.##♣....#
.............@5..♣
......###.##.##.....#
##### #.##.# ....#
#..#.# ...# ##.#.# ..#
.#.# .# .#.# # .... ...


You could see Grinder.

Vanquished Creatures
  An orc wizard (D:3)
  4 adders (D:2)
  A giant gecko (D:1)
  5 orcs (D:3)
  7 bats
  A giant cockroach (D:2)
  10 goblins
  5 hobgoblins
  3 kobolds
  3 giant newts
  4 rats
44 creatures vanquished.

Notes
Turn   | Place    | Note
-------+----------+-------------------------------------------
     0 | D:1      | epen the Tengu Monk began the quest for the Orb.
     0 | D:1      | Reached XP level 1. HP: 14/14 MP: 2/2
   132 | D:1      | Reached XP level 2. HP: 11/19 MP: 3/3
   770 | D:2      | Reached XP level 3. HP: 23/23 MP: 4/4
  1099 | D:2      | Reached XP level 4. HP: 24/28 MP: 5/5
  1414 | D:3      | Noticed Grinder
  1419 | D:3      | Paralysed by Grinder for 3 turns
  1430 | D:3      | Paralysed by Grinder for 3 turns
  1457 | D:3      | Paralysed by Grinder for 7 turns
  1461 | D:3      | HP: 1/29 [Grinder/nerve-wracking pain (10)]
  1464 | D:3      | Slain by Grinder

Vault maps used:
D:1:      minmay_arrival_nine_rooms
D:3:      grunt_temple_overflow_gold_and_silver, serial_bayou_pond_a,
          kennysheep_pointless_box, uniq_grinder, uniq_iyjb

Skill      XL: |  1  2  3  4 |
---------------+-------------+-----
Unarmed Combat | 4 |  4.4
Dodging        | 4 |  4.0
Fighting       | |  3.7
Stealth        | |  2.8

Action                   |  1- 3 |  4- 6 || total
-------------------------+-------+-------++-------
Melee: Unarmed           |    74 |    63 ||   137
       Kick              |    18 |    17 ||    35
       Peck              |     6 |     9 ||    15
       Punch             |     1 |       ||     1
  Use: Potion            |     2 |     2 ||     4
 Stab: Sleeping          |     7 |     1 ||     8
  Eat: Chunk             |       |     2 ||     2
Armor: Robe              |    18 |     6 ||    24
       Leather armour    |       |     4 ||     4
Dodge: Dodged            |    52 |    33 ||    85
